 Dungeon Crawl Stone Soup version 0.19.5 (webtiles) character file.

1532 Enroth the Thaumaturge (level 8, -3/42 HPs)
             Began as a Deep Elf Fire Elementalist on Apr 7, 2017.
             Was an Initiate of Sif Muna.
             Slain by Asagix's ghost (10 damage)
             ... on level 7 of the Dungeon on Apr 8, 2017.
             The game lasted 00:36:19 (5287 turns).

Enroth the Thaumaturge (Deep Elf Fire Elementalist) Turns: 5287, Time: 00:36:19

Health: -3/42      AC:  7    Str:  5      XL:     8   Next: 55%
Magic:  1/22       EV: 14    Int: 22 (23) God:    Sif Muna [......]
Gold:   367        SH:  0    Dex: 16 (17) Spells: 4 memorised, 12 levels left

rFire  . . .     SeeInvis .     i - +2 dagger (holy)
rCold  . . .     Gourm    +     l - +2 robe {rN+}
rNeg   + . .     Faith    .     (no shield)
rPois  +         Spirit   .     (helmet restricted)
rElec  .         Reflect  .     w - +0 cloak
rCorr  .         Harm     .     (no gloves)
MR     .....     Rnd*Rage +     d - +1 pair of boots
Stlth  +++.......               p - amulet of the gourmand
                                q - +2 ring of dexterity
                                o - ring of poison resistance

@: no status effects
A: antennae 1, berserk 1, deterioration 1, MP-powered wands
a: Renounce Religion


You were on level 7 of the Dungeon.
You worshipped Sif Muna.
Sif Muna was noncommittal.
You were very full.

You visited 2 branches of the dungeon, and saw 8 of its levels.

You collected 367 gold pieces.

Inventory:

Hand Weapons
 i - a +2 dagger of holy wrath (weapon)
Armour
 d - a +1 pair of boots (worn)
 g - a +0 shield
 l - a +2 robe of positive energy (worn)
 v - a +0 helmet
 w - a +0 cloak (worn)
Jewellery
 o - a ring of poison resistance (left hand)
 p - an amulet of the gourmand (around neck)
 q - a +2 ring of dexterity (right hand)
Wands
 e - a wand of flame (12/48)
 j - a wand of disintegration (5/24)
Scrolls
 h - a scroll of remove curse
 k - 2 scrolls of identify
 n - a scroll of blinking
 t - a scroll of magic mapping
 u - a scroll of amnesia
 x - a scroll of enchant armour
Potions
 f - a potion of curing
Books
 b - a book of Flames

   Spells                             Type                      Level
   a - Flame Tongue                   Conjuration/Fire             1
   b - Throw Flame                    Conjuration/Fire             2
   c - Conjure Flame                  Conjuration/Fire             3
   d - Inner Flame                    Hexes/Fire                   3
   e - Sticky Flame                   Conjuration/Fire             4
   f - Fireball                       Conjuration/Fire             5
Comestibles
 a - 3 fruits
 c - 5 bread rations
 m - a slice of pizza
 r - a beef jerky
 s - a meat ration


   Skills:
 + Level 0.8 Fighting
 + Level 0.4 Armour
 + Level 3.8 Dodging
 + Level 4.3 Stealth
 * Level 2.6 Shields
 + Level 8.3 Spellcasting
 + Level 5.3 Conjurations
 + Level 6.3 Fire Magic
 + Level 1.0 Evocations


You had 12 spell levels left.
You knew the following spells:

 Your Spells              Type           Power        Failure   Level  Hunger
a - Flame Tongue          Conj/Fire      ####.        1%          1    None
b - Throw Flame           Conj/Fire      ####..       1%          2    None
c - Conjure Flame         Conj/Fire      ####....     1%          3    None
d - Fireball              Conj/Fire      ####......   21%         5    #####..


Dungeon Overview and Level Annotations

Branches:
Dungeon (7/15)             Temple (1/1) D:7

Altars:
Ashenzari
Cheibriados
Dithmenos
Elyvilon
Fedhas
Gozag
Hepliaklqana
Kikubaaqudgha
Nemelex Xobeh
Okawaru
Qazlal
Ru
Sif Muna
Trog
Xom
Yredelemnul
Zin
The Shining One

Shops:
D:6 %   D:7 :

Annotations:
D:7 Asagix's ghost, novice MiBe


Innate Abilities, Weirdness & Mutations

You have a pair of small antennae on your head.
You tend to lose your temper in combat.
Your body sometimes deteriorates upon taking damage.
You expend magic power (3 MP) to strengthen your wands.


Message History

Asagix's ghost barely misses you.
Casting: Flame Tongue
Confirm with . or Enter, or press ? or * to list all spells.
Aiming: Flame Tongue
Press: ? - help, Shift-Dir - straight line, f/p - Asagix's ghost
Aim: Asagix's ghost (almost destroyed)
The flame tongue hits Asagix's ghost.
Asagix's ghost is almost destroyed.
Asagix's ghost hits you!
* * * LOW HITPOINT WARNING * * *
Your body deteriorates!
You feel dopey.
Casting: Flame Tongue
Confirm with . or Enter, or press ? or * to list all spells.
Aiming: Flame Tongue
Press: ? - help, Shift-Dir - straight line, f/p - Asagix's ghost
Aim: Asagix's ghost (almost destroyed)
The flame tongue hits Asagix's ghost.
Asagix's ghost is almost destroyed.
Asagix's ghost hits you!
You die...

#....##.#.#..........
#....##.#.#..........
#....##.#.#..........
#....##.#.###########
#....##>.............
#....####.###########
#....................
#....................
#...@................
#...W..##############
###....# ........
#.....# ....(..)
#≈≈≈....# ........
≈≈≈≈≈...#
###########'
=..∩≈≈...#
#...........
.≈≈≈≈≈...#
#...........
.≈≈≈....#
#..#########


You could see Asagix's ghost.

Vanquished Creatures
  Duvessa (D:4)
  2 sky beasts (D:5)
  An ice beast (D:5)
  An orc warrior (D:6)
  An ogre (D:6)
  A centaur (D:6)
  A bullfrog (D:7)
  Dowan (D:4)
  A howler monkey (D:6)
  2 crimson imps (D:5)
  3 bullfrog zombies (D:6)
  2 hounds
  A jelly (D:5)
  3 orc priests (D:6)
  Crazy Yiuf (D:4)
  Jessica (D:2)
  An iguana (D:4)
  A worker ant (D:4)
  A killer bee zombie (D:6)
  A hound skeleton (D:6)
  A howler monkey zombie (D:6)
  4 gnolls (D:3)
  10 adders
  An ooze (D:3)
  2 adder zombies (D:6)
  An adder skeleton (D:4)
  A worm (D:4)
  A dart slug (D:4)
  3 leopard geckos
  15 orcs
  3 ball pythons
  7 giant cockroaches
  6 goblins
  4 hobgoblins
  2 jackals (D:5)
  4 quokkas
  10 bats
  4 frilled lizards
  A jackal skeleton (D:5)
  7 kobolds
  A leopard gecko skeleton (D:6)
  7 rats
122 creatures vanquished.

Vanquished Creatures (others)
  2 withered plants (D:6)
2 creatures vanquished.

Grand Total: 124 creatures vanquished

Notes
Turn   | Place    | Note
-------+----------+-------------------------------------------
     0 | D:1      | Enroth the Deep Elf Fire Elementalist began the quest for the Orb.
     0 | D:1      | Reached XP level 1. HP: 10/10 MP: 6/6
   227 | D:1      | Reached XP level 2. HP: 15/15 MP: 5/8
   236 | D:1      | Learned a level 2 spell: Throw Flame
   745 | D:2      | Reached XP level 3. HP: 19/19 MP: 5/9
   867 | D:2      | Noticed Jessica
   874 | D:2      | Killed Jessica
   953 | D:2      | Reached XP level 4. HP: 23/24 MP: 5/11
  1079 | D:2      | Learned a level 3 spell: Conjure Flame
  1397 | D:3      | Reached skill level 4 in Spellcasting
  1437 | D:3      | Found a glowing golden altar of the Shining One.
  1551 | D:3      | Reached XP level 5. HP: 24/28 MP: 3/13
  1861 | D:3      | Found an opulent altar of Gozag.
  1862 | D:3      | Found a glowing silver altar of Zin.
  2208 | D:4      | Reached skill level 5 in Spellcasting
  2285 | D:4      | Noticed Duvessa
  2289 | D:4      | Noticed Dowan
  2291 | D:4      | Killed Duvessa
  2291 | D:4      | Reached skill level 5 in Fire Magic
  2291 | D:4      | Reached XP level 6. HP: 32/32 MP: 1/16
  2310 | D:4      | Killed Dowan
  2459 | D:4      | Found a runed door.
  2883 | D:4      | Noticed Crazy Yiuf
  2888 | D:4      | Killed Crazy Yiuf
  2907 | D:4      | Learned a level 5 spell: Fireball
  2952 | D:4      | Reached skill level 6 in Spellcasting
  2952 | D:4      | Reached XP level 7. HP: 36/37 MP: 10/18
  2968 | D:5      | Entered Level 5 of the Dungeon
  3061 | D:5      | Found a shimmering altar of Xom.
  3066 | D:5      | Found a hazy altar of Hepliaklqana.
  3070 | D:5      | Found a basalt altar of Yredelemnul.
  3224 | D:5      | Reached skill level 1 in Shields
  3288 | D:5      | Found a sacrificial altar of Ru.
  3634 | D:5      | Gained mutation: Your body sometimes deteriorates upon taking damage. [mutagenic meat]
  3635 | D:5      | Gained mutation: You tend to lose your temper in combat. [mutagenic meat]
  3636 | D:5      | Gained mutation: You have a pair of small antennae on your head. [mutagenic meat]
  3637 | D:5      | Gained mutation: You expend magic power (3 MP) to strengthen your wands. [mutagenic meat]
  3895 | D:5      | Found a blossoming altar of Fedhas.
  4052 | D:6      | Found Liruesm's Food Emporium.
  4225 | D:6      | Reached skill level 7 in Spellcasting
  4241 | D:6      | Reached XP level 8. HP: 41/42 MP: 12/20
  4335 | D:6      | Found a shattered altar of Ashenzari.
  4563 | D:6      | Reached skill level 5 in Conjurations
  4650 | D:6      | Reached skill level 8 in Spellcasting
  5072 | D:7      | Reached skill level 1 in Evocations
  5080 | D:7      | Found a staircase to the Ecumenical Temple.
  5088 | Temple   | Entered the Ecumenical Temple
  5223 | Temple   | Became a worshipper of Sif Muna the Loreminder
  5268 | D:7      | Found Affyatrooti's Book Shop.
  5276 | D:7      | Noticed Asagix's ghost (novice MiBe)
  5287 | D:7      | Slain by Asagix's ghost

Skill      XL: |  1  2  3  4  5  6  7  8 |
---------------+-------------------------+-----
Fire Magic     | 4 5 6 |  6.3
Conjurations   | 2 3 4 5 |  5.3
Spellcasting   | 4 5 6 7 8 |  8.3
Stealth        | 3 4 |  4.3
Dodging        | 3 |  3.8
Shields        | 1 2 |  2.6
Evocations     | 1 |  1.0
Fighting       | |  0.8
Armour         | |  0.4

Action                   |  1- 3 |  4- 6 |  7- 9 || total
-------------------------+-------+-------+-------++-------
Melee: Dagger            |       |       |    30 ||    30
 Cast: Flame Tongue      |    52 |   108 |   120 ||   280
       Throw Flame       |       |    12 |     4 ||    16
       Conjure Flame     |       |     1 |       ||     1
Evoke: Wand              |       |     5 |     9 ||    14
  Use: Scroll            |       |    10 |     4 ||    14
       Potion            |       |     7 |     2 ||     9
  Eat: Chunk             |       |    14 |    12 ||    26
Armor: Leather armour    |     2 |       |       ||     2
       Robe              |       |     7 |    25 ||    32
Dodge: Dodged            |    13 |    22 |    54 ||    89
Block: Shield            |       |       |     1 ||     1
